 Dungeon Crawl Stone Soup version 0.26.1-11-gd32895ea62 (webtiles) character file.

Game seed: 5317232185499269963

756 Wobber the Conjurer (level 7, -4/56 HPs)
             Began as a Grey Draconian Air Elementalist on June 22, 2021.
             Was an Initiate of Gozag.
             Slain by a wraith (9 damage)
             ... in an ossuary.
             The game lasted 00:22:10 (5779 turns).

Wobber the Conjurer (DrAE)                          Turns: 5779, Time: 00:22:10

Health: -4/56      AC: 13    Str: 11    XL:     7   Next: 50%
Magic:  4/12       EV: 12    Int: 17    God:    Gozag
Gold:   177        SH:  0    Dex: 17    Spells: 5/13 levels left

rFire    . . .     SeeInvis .   w - +2 mace (protect)
rCold    . . .     Faith    .   (no shield)
rNeg     + . .     Spirit   .   (armour unavailable)
rPois    .         Reflect  .   (helmet restricted)
rElec    .         Harm     .   u - +1 cloak
rCorr    .         Rampage  .   (no gloves)
Will     .....                  (no boots)
Stlth    ++........             (no amulet)
HPRegen  0.18/turn              n - +6 ring of dexterity
MPRegen  0.13/turn              o - ring of positive energy

@: slowed, very slow
A: walk through water, unfitting armour, unbreathing, cold-blooded, AC +11
a: Renounce Religion, Potion Petition, Call Merchant, Bribe Branch


You were in an ossuary.
You worshipped Gozag.
Gozag was aware of your devotion.
You visited 1 branch of the dungeon, and saw 5 of its levels.
You also visited: Ossuary.

You collected 356 gold pieces.
You spent 126 gold pieces at shops.
You paid 53 gold pieces to Gozag.

Inventory:

Hand Weapons
 t - a +4 quarterstaff of chaos
 w - a +2 mace of protection (weapon)
 y - a +2 great sword of protection
Missiles
 h - 143 stones
Armour
 l - a scarf of harm
 u - a +1 cloak (worn)
 A - a cursed +0 buckler
Magical Staves
 B - an uncursed staff of fire {unknown}
Jewellery
 n - a +6 ring of dexterity (left hand)
 o - a ring of positive energy (right hand)
 C - a +6 ring of dexterity
Wands
 k - a wand of polymorph (11)
 G - a wand of flame (20)
Scrolls
 b - a scroll of magic mapping
 c - 2 scrolls of fear
 d - 3 scrolls of teleportation
 j - 3 scrolls of identify
 v - a scroll of noise {unknown}
 x - 3 scrolls of remove curse
 D - a scroll of random uselessness {unknown}
 E - a scroll of blinking {unknown}
 F - a scroll of enchant weapon {unknown}
Potions
 a - 6 potions of heal wounds
 e - 4 potions of curing
 f - 2 potions of flight {unknown}
 g - 3 potions of lignification {unknown}
 i - a potion of degeneration {unknown}
 m - 4 potions of ambrosia {unknown}
 p - 2 potions of resistance {unknown}
 q - 2 potions of berserk rage {unknown}
 r - 2 potions of haste
 s - 3 potions of attraction {unknown}
 z - 3 potions of mutation


   Skills:
 + Level 2.6 Fighting
 - Level 1.9 Dodging
 - Level 1.7 Stealth
 + Level 1.6 Shields
 + Level 3.5 Spellcasting
 * Level 4.9 Conjurations
 * Level 4.5 Air Magic


You had 5 spell levels left.
You knew the following spells:

 Your Spells              Type           Power        Failure   Level
a - Shock                 Conj/Air       76%          2%          1
b - Swiftness             Air            18%          3%          2
c - Lightning Bolt        Conj/Air       9%           54%         5

Your spell library contained the following spells:

 Spells                   Type           Power        Failure   Level
 Static Discharge         Conj/Air       19%          7%          3
 Beastly Appendage        Tmut           6%           17%         1
 Wereblood                Tmut           3%           26%         2
 Airstrike                Air            9%           26%         4
 Spider Form              Tmut/Pois      1%           45%         3
 Ice Form                 Ice/Tmut       3%           86%         4
 Blade Hands              Tmut           1%           99%         5


Dungeon Overview and Level Annotations

Branches:
Dungeon (5/15)             Temple (0/1) D:5         Ossuary (1/1)

Altars:
Dithmenos
Gozag
Xom
Zin

Shops:
D:4 *


Innate Abilities, Weirdness & Mutations

You can walk through water.
Your dull iron-grey scales are very hard. (AC +11)
You cannot fit into any form of body armour.
You can survive without breathing.
You are cold-blooded and may be slowed by cold attacks.


Message History

The wraith is heavily damaged.
The wraith hits you but does no damage.
Aiming: Shock (safe; 2% risk of failure)
Press: ? - help, Q - select action, (/) - cycle Shift-Dir - straight line The zap misses the wraith.
The wraith closely misses you. The wraith hits you but does no damage.
Aiming: Shock (safe; 2% risk of failure)
Press: ? - help, Q - select action, (/) - cycle Shift-Dir - straight line The zap hits the wraith but does no damage.
The wraith is heavily damaged.
The wraith closely misses you.
Aiming: Shock (safe; 2% risk of failure)
Press: ? - help, Q - select action, (/) - cycle Shift-Dir - straight line The zap hits the wraith.
The wraith is severely damaged.
The wraith hits you!
* * * LOW HITPOINT WARNING * * *
The wraith hits you!
You die...
Your body crumbles into a pile of gold.

#...............# #
#.###.......###.###
#.#z#.......#z#.'..
#.###.......###.###
#...............# #
#.###..###..###.# #
#.#.#..#z#..# #.#
#.W##..###..# +.#
#.@.......... ..#
#################


You could see a wraith and a flying skull.

Vanquished Creatures
  Grinder (D:5)
  A scorpion (D:3)
  A wight (Ossuary)
  An orc priest (D:5)
  A jelly (D:5)
  Crazy Yiuf (D:3)
  Terence (D:3)
  Natasha (thrice) (D:3)
  An orc wizard (D:5)
  Robin (D:3)
  4 gnolls (D:4)
  6 adders
  3 worms
  An adder skeleton (D:4)
  9 dart slugs
  5 leopard geckos
  8 orcs
  A ball python (D:5)
  5 giant cockroaches
  10 hobgoblins
  7 jackals
  2 quokkas
  12 bats
  7 frilled lizards
  A giant cockroach zombie (D:5)
  16 goblins
  2 hobgoblin skeletons (Ossuary)
  A hobgoblin zombie (Ossuary)
  10 kobolds
  3 orc skeletons (Ossuary)
  3 orc zombies (Ossuary)
  2 quokka skeletons (D:4)
  7 rats
137 creatures vanquished.

Notes
Turn   | Place    | Note
-------+----------+-------------------------------------------
     0 | D:1      | Wobber the Draconian Air Elementalist began the quest for
                  | the Orb.
     0 | D:1      | Reached XP level 1. HP: 14/14 MP: 3/3
   421 | D:1      | Reached XP level 2. HP: 20/20 MP: 0/5
  1046 | D:1      | Reached XP level 3. HP: 27/27 MP: 1/6
  1478 | D:2      | Learned a level 2 spell: Swiftness
  1999 | D:2      | Reached skill level 1 in Fighting
  1999 | D:2      | Reached XP level 4. HP: 27/35 MP: 3/7
  2802 | D:3      | Noticed Natasha
  2805 | D:3      | Killed Natasha
  2843 | D:3      | Noticed Robin
  2853 | D:3      | Killed Robin
  2878 | D:3      | Noticed Terence
  3015 | D:3      | Killed Terence
  3016 | D:3      | Reached XP level 5. HP: 25/41 MP: 1/8
  3356 | D:3      | Noticed Natasha
  3362 | D:3      | Killed Natasha
  3454 | D:3      | Found a shadowy altar of Dithmenos.
  3575 | D:3      | Found a runed translucent door.
  3576 | D:3      | Noticed Crazy Yiuf
  3584 | D:3      | Killed Crazy Yiuf
  3585 | D:3      | Reached XP level 6. HP: 24/48 MP: 5/10
  3661 | D:3      | Noticed Natasha
  3664 | D:3      | Killed Natasha
  3754 | D:3      | Found a shimmering altar of Xom.
  4348 | D:3      | Learned a level 5 spell: Lightning Bolt
  4956 | D:4      | Found Boem's General Store.
  5077 | D:4      | Found a glowing silver altar of Zin.
  5077 | D:4      | Found an opulent altar of Gozag.
  5098 | D:4      | Became a worshipper of Gozag Ym Sagoz the Greedy
  5107 | D:4      | Bought a potion of mutation for 88 gold pieces
  5107 | D:4      | Bought a cursed +0 buckler for 38 gold pieces
  5124 | D:5      | Entered Level 5 of the Dungeon
  5244 | D:5      | Found a staircase to the Ecumenical Temple.
  5253 | D:5      | Noticed Grinder
  5258 | D:5      | Reached skill level 5 in Air Magic
  5266 | D:5      | Killed Grinder
  5267 | D:5      | Reached skill level 1 in Shields
  5267 | D:5      | Your scales start taking on a dull iron-grey colour.
  5267 | D:5      | Reached XP level 7. HP: 56/56 MP: 1/12
  5267 | D:5      | Gained mutation: You can survive without breathing. [Grey
                  | Draconian growth]
  5408 | D:5      | Found a sand-covered staircase.
  5453 | Ossuary  | Entered an ossuary
  5653 | Ossuary  | Noticed a flying skull
  5653 | Ossuary  | Noticed a wraith
  5662 | Ossuary  | Noticed a flying skull
  5671 | Ossuary  | Noticed a flying skull
  5686 | Ossuary  | Noticed a flying skull
  5751 | Ossuary  | Noticed a flying skull
  5757 | Ossuary  | Noticed a wraith
  5779 | Ossuary  | Slain by a wraith

Illustrated notes

Levels and vault maps discovered:
D:1:      dpeg_arrival_line_fractal, layout_basic, kennysheep_doodads
D:2:      layout_loops_ring
D:3:      layout_rooms, xom_teletrap_fun, nicolae_dithmenos_shadow_blocks,
          grunt_ministairs_2, roderic_roman_lattice, uniq_robin, uniq_terence,
          uniq_natasha, uniq_crazy_yiuf_cottage
D:4:      layout_loops_cross, grunt_temple_overflow_gold_and_silver,
          serial_shops, nicolae_shop_crystal
D:5:      kennysheep_slugbush, layout_basic, nzn_wu_jian_council_hall,
          minmay_temple_entry_glass, nicolae_ossuary_entry_false_entrances,
          uniq_grinder
Ossuary:  ossuary_due_cavern

Skill      XL: |  1  2  3  4  5  6 |
---------------+-------------------+-----
Conjurations   | 2 3 4 |  4.9
Fighting       | 1 2 |  2.6
Air Magic      | 4 4 |  4.5
Spellcasting   | 3 |  3.5
Shields        | 1 |  1.6
Dodging        | |  1.9
Stealth        | |  1.7

Action                   |  1- 3 |  4- 6 |  7- 9 || total
-------------------------+-------+-------+-------++-------
Melee: Unarmed           |    66 |       |       ||    66
       Tailslap          |    11 |     8 |     2 ||    21
       War axe           |    13 |    15 |       ||    28
       Hand axe          |       |    12 |       ||    12
       Short sword       |       |     2 |       ||     2
       Mace              |       |    18 |    29 ||    47
 Cast: Shock             |    75 |   142 |    38 ||   255
       Swiftness         |       |     1 |       ||     1
  Use: Scroll            |       |     9 |       ||     9
 Stab: Distracted        |       |       |     1 ||     1
Armor: Skin              |    39 |    26 |    40 ||   105
Dodge: Dodged            |    72 |    41 |    44 ||   157
